 Dungeon Crawl Stone Soup version 0.26.1-2-gb8aa6d0cf2 (webtiles) character file.

Game seed: 17344021118602031580

50 vatarom the Slasher (level 3, -10/27 HPs)
             Began as a Demonspawn Gladiator on Mar 3, 2021.
             Was a Follower of Qazlal.
             Killed by divine providence
             ... invoked by an orc priest
              (11 damage)
             ... on level 3 of the Dungeon.
             The game lasted 00:02:33 (1786 turns).

vatarom the Slasher (Demonspawn Gladiator)          Turns: 1786, Time: 00:02:33

Health: -10/27     AC:  9    Str: 14    XL:     3   Next: 55%
Magic:  3/3        EV: 16    Int:  9    God:    Qazlal [*.....]
Gold:   149        SH:  7    Dex: 15    Spells: 2/2 levels left

rFire    + . .     SeeInvis .   a - +0 long sword
rCold    . . .     Faith    .   (no shield)
rNeg     . . .     Spirit   .   o - +0 ring mail
rPois    .         Reflect  +   c - +0 helmet
rElec    .         Harm     .   e - +0 cloak
rCorr    .         Rampage  .   (no gloves)
Will     .....                  (no boots)
Stlth    ++........             b - amulet of reflection
HPRegen  0.09/turn              h - ring of stealth
MPRegen  0.08/turn              f - ring of protection from fire

@: mighty, brilliant, agile
A: slimy green scales 1, powered by pain 1
a: Renounce Religion


You were on level 3 of the Dungeon.
You worshipped Qazlal.
Qazlal was aware of your devotion.
You visited 1 branch of the dungeon, and saw 3 of its levels.

You collected 149 gold pieces.

Inventory:

Hand Weapons
 a - a +0 long sword (weapon)
Missiles
 d - 3 throwing nets (quivered) {!f}
 i - 13 poisoned darts
Armour
 c - a +0 helmet (worn)
 e - a +0 cloak (worn)
 o - a +0 ring mail (worn)
Jewellery
 b - an amulet of reflection (around neck)
 f - a ring of protection from fire (right hand)
 h - a ring of stealth (left hand)
Scrolls
 g - 2 scrolls of remove curse {@r2}
 k - 3 scrolls of identify {@r1}
 l - 2 scrolls of teleportation {unknown}
 n - a scroll of noise {unknown}


   Skills:
 - Level 2.0 Fighting
 * Level 3.7 Long Blades
 + Level 2.4 Throwing
 - Level 2.6 Dodging
 + Level 0.9 Invocations


You had 2 spell levels left.
You didn't know any spells.
Your spell library was empty.

Dungeon Overview and Level Annotations

Branches:
Dungeon (3/15)

Altars:
Qazlal
Ru


Innate Abilities, Weirdness & Mutations

You are partially covered in slimy green scales. (AC +2)
You sometimes gain a little power by taking damage.


Message History

You feel agile all of a sudden.
The orc priest mumbles some strange prayers to Beogh against you.
Beogh smites you!
* * * LOW HITPOINT WARNING * * *
You focus on the pain.
You feel more agile all of a sudden.
It was a potion of might.
You feel very mighty all of a sudden.
It was a potion of brilliance.
You feel clever all of a sudden. The orc priest closely misses you.
Blink to where?
Press: ? - help, Dir - move target
As you read the scroll of blinking {@r4}, it crumbles to dust.
The orc priest invokes the aid of Beogh against you.
Beogh smites you!
* * * LOW HITPOINT WARNING * * *
The orc priest invokes the aid of Beogh against you.
Beogh smites you!
You die...

#. #.# #####
#.########.(.#######
#.#.......o.....ยง.o#
#.#@######...#####.#
#.#.# ##### #.#
#.#.## #o#
#....######### #o#
#..#[........# #.#
##...#######.# #o#
...######.## #.# #o#
..........# #.## #.#
....#####.########..#
#.#


You could see an orc priest.

Vanquished Creatures
  3 dart slugs
  9 bats
  3 giant cockroaches
  4 goblins
  8 hobgoblins
  A quokka (D:2)
  A ball python (D:2)
  3 frilled lizards
  5 kobolds
  5 rats
42 creatures vanquished.

Notes
Turn   | Place    | Note
-------+----------+-------------------------------------------
     0 | D:1      | vatarom the Demonspawn Gladiator began the quest for the
                  | Orb.
     0 | D:1      | Reached XP level 1. HP: 16/16 MP: 1/1
    72 | D:1      | Reached skill level 3 in Long Blades
    87 | D:1      | Gained mutation: You are partially covered in slimy green
                  | scales. (AC +2) [demonic ancestry]
    87 | D:1      | Reached XP level 2. HP: 22/22 MP: 2/2
   618 | D:1      | Gained mutation: You sometimes gain a little power by
                  | taking damage. [demonic ancestry]
   618 | D:1      | Reached XP level 3. HP: 27/27 MP: 3/3
   672 | D:1      | Found a sacrificial altar of Ru.
   714 | D:2      | Found a faded altar of an unknown god.
   726 | D:2      | Became a worshipper of Qazlal Stormbringer
   726 | D:2      | Reached * piety under Qazlal
  1785 | D:3      | HP: 1/27 [orc priest/divine providence (7)]
  1786 | D:3      | Killed from afar by an orc priest

Illustrated notes

Levels and vault maps discovered:
D:1:      dpeg_arrival_water_altar, layout_rooms, hangedman_feature_mirror,
          st_stairs_1, minmay_heptomino_l4
D:2:      minmay_kobold_bridge, layout_loops_cross,
          chequers_ecumenical_altar_island
D:3:      layout_loops_ring, lemuel_coloured_pillars_altar,
          grunt_temple_overflow_order_and_chaos_2

Skill      XL: |  1 |
---------------+----+-----
Throwing       | 2 |  2.4
Long Blades    | 3 |  3.7
Fighting       | |  2.0
Dodging        | |  2.6
Invocations    | |  0.9

Action                   || total
-------------------------++-------
Melee: Long sword        ||   125
  Use: Scroll            ||     5
       Potion            ||     2
 Stab: Sleeping          ||     3
Armor: Leather armour    ||    36
       Ring mail         ||     6
Dodge: Dodged            ||    99
Block: Other             ||     1
       Rpst.: Long sword ||    34
